 Dungeon Crawl Stone Soup version 0.32-a0-411-g744942f433 (webtiles) character file.

Game seed: 9878206455998739828

32 zenocrate the Sneak (level 3, 20/29 HPs)
             Began as a Demonspawn Delver on Feb 20, 2024.
             Quit the game in the Ecumenical Temple.
             The game lasted 00:00:10 (35 turns).

zenocrate the Sneak (Demonspawn Delver)               Turns: 35, Time: 00:00:11

Health: 20/29      AC:  3    Str: 14    XL:     3   Next: 8%
Magic:  3/3        EV: 12    Int: 10    God:
Gold:   0          SH:  0    Dex: 14    Spells: 2/2 levels left

rFire   . .          .
                       - Unarmed
rCold   . . .        (no shield)
rNeg    . . .        a - +0 leather armour
rPois   .            (no helmet)
rElec   .            (no cloak)
rCorr   .            (no gloves)
SInv    .            (no boots)
Will    .....        (no amulet)
Stlth   +++          (no ring)
HPRegen 0.24/turn    (no ring)
MPRegen 0.08/turn

%: no passive effects
@: no status effects
A: hooves 1, sturdy frame 1
a: no special abilities


You were in the Ecumenical Temple.
You visited 2 branches of the dungeon, and saw 2 of its levels.

Inventory:

Armour
 a - a +0 leather armour (worn)
Wands
 f - a wand of digging (3)
Scrolls
 b - a scroll of fog
 c - a scroll of revelation
 d - a scroll of fear
Potions
 e - a potion of haste


   Skills:
 - Level 3.0 Fighting
 - Level 1.7 Dodging
 - Level 4.5 Stealth
 + Level 3.2 Unarmed Combat


You had 2 spell levels left.
You didn't know any spells.
Your spell library was empty.

Dungeon Overview and Level Annotations

Branches:
Dungeon (5/15)             Temple (1/1) D:5

Altars:
Ashenzari
Dithmenos
Fedhas
Gozag
Hepliaklqana
Nemelex Xobeh
Okawaru
Qazlal
Ru
Sif Muna
Trog
Uskayaw
Vehumet
Wu Jian
Xom
Yredelemnul


Innate Abilities, Weirdness & Mutations

You have large cloven feet.
Your movements are slightly less encumbered by armour. (ER -2)


Message History

You hit the hound but do no damage.
The hound is heavily wounded.
The hound closely misses you.
You hit the hound.
The hound is heavily wounded.
The hound bites you. The hound bites you but does no damage.
You barely miss the hound.
The hound is heavily wounded.
The hound closely misses you.
You hit the hound.
The hound is severely wounded.
The hound barely misses you. The hound bites you.
You hit the hound.
The hound is severely wounded.
The hound misses you.
You barely miss the hound.
The hound is severely wounded.
The hound bites you. The hound bites you but does no damage.
You hit the hound but do no damage.
The hound is severely wounded.
The hound misses you.
You barely miss the hound.
The hound is severely wounded.
The hound closely misses you. The hound barely misses you.
You hit the hound.
The hound is almost dead.
The hound stops to sniff the ground.
The hound closely misses you.
You hit the hound.
You kill the hound!
Your Unarmed Combat skill gained 2 levels and is now at level 3!
You have reached level 2!
Your demonic ancestry asserts itself...
You feel less encumbered by your armour.
You have reached level 3!
Your experience leads to an increase in your attributes!
Increase (S)trength, (I)ntelligence, or (D)exterity?
You feel stronger. x2; Your demonic ancestry asserts itself...
Your feet thicken and deform.
Are you sure you want to abandon this character and quit the game? (Confirm with "yes".)

##.........._..._..._..........##
........_..............._........
.................................
....._....................._.....
.................................
..............⌠...⌠..............
..._........................._...
.................................
............⌠...@...⌠............
.................................
..._........................._...
..............⌠...⌠..............
.................................
....._....................._.....
.................................
........_..............._........
##.........._..._..._..........##


There were no monsters in sight!

Vanquished Creatures
  A hound (Temple)
1 creature vanquished.

Notes
Turn   | Place    | Note
-------+----------+-------------------------------------------
     0 | D:5      | zenocrate the Demonspawn Delver began the quest for the
                  | Orb.
     0 | D:5      | Reached XP level 1. HP: 18/18 MP: 1/1
     8 | D:5      | Found a staircase to the Ecumenical Temple.
    14 | D:5      | Noticed a hound
    21 | Temple   | Entered the Ecumenical Temple
    34 | Temple   | Killed a hound
    35 | Temple   | Gained mutation: Your movements are slightly less
                  | encumbered by armour. (ER -2) [demonic ancestry]
    35 | Temple   | Reached XP level 2. HP: 17/24 MP: 2/2
    35 | Temple   | Gained mutation: You have large cloven feet. [demonic
                  | ancestry]
    35 | Temple   | Reached XP level 3. HP: 20/29 MP: 3/3
    35 | Temple   | Quit the game

Illustrated notes

Levels and vault maps discovered:
D:5:      layout_rooms, minmay_temple_entry_statues_fountains,
          patterned_corridor
Temple:   compressed_dpeg_circular_temple

Skill      XL: |  1 |
---------------+----+-----
Unarmed Combat | 3 |  3.2
Fighting       | |  3.0
Dodging        | |  1.7
Stealth        | |  4.5

Action                     || total
---------------------------++-------
  Melee: Unarmed           ||    13
         Punch             ||     1
 Armour: Leather armour    ||     9
  Dodge: Dodged            ||    10

Table legend: (Time is in decaauts)
 A = Elapsed time spent in this place.
 B = Non-inter-level travel time spent in this place.
 C = Inter-level travel time spent in this place.
 D = Time resting spent in this place.
 E = Time spent auto-exploring this place.
 F = Levels seen in this place.
 G = Mean time per level.
                   A        B        C        D        E       F      G
               +--------+--------+--------+--------+--------+-----+--------+
         Total |     34 |     34 |      0 |      0 |     13 |   2 |   17.0 |
       Dungeon |     21 |     21 |      0 |      0 |     13 |   1 |   21.0 |
        Temple |     13 |     13 |      0 |      0 |      0 |   1 |   13.0 |
               +--------+--------+--------+--------+--------+-----+--------+

Top non-repeatable levels by time:
     D:5: 21 daAuts
  Temple: 13 daAuts
